 Dungeon Crawl Stone Soup version 0.20-a0-217-g17e8ceb (webtiles) character file.

1482 Goblin1989 the Arsonist (level 8, -1/41 HPs)
             Began as a Deep Elf Fire Elementalist on Nov 27, 2016.
             Was an Initiate of Vehumet.
             Shot with an arrow by a centaur (9 damage)
             ... on level 7 of the Dungeon on Nov 28, 2016.
             The game lasted 00:27:13 (5691 turns).

Goblin1989 the Arsonist (DEFE)                      Turns: 5691, Time: 00:27:14

Health: -1/41      AC:  4    Str:  5    XL:     8   Next: 50%
Magic:  16/20      EV: 13    Int: 23    God:    Vehumet [......]
Gold:   352        SH:  2    Dex: 15    Spells: 9/20 levels left

rFire  + . .     SeeInvis .     (no weapon)
rCold  x . .     Gourm    .     a - +0 robe
rNeg   . . .     Faith    .     (no shield)
rPois  .         Spirit   .     (no helmet)
rElec  .         Reflect  +     (no cloak)
rCorr  .         Harm     .     i - +0 pair of gloves
MR     .....                    w - +0 pair of boots
Stlth  +++.......               k - +2 amulet of reflection
                                v - ring of fire
                                x - ring of stealth

@: no status effects
A: no striking features
a: Renounce Religion


You were on level 7 of the Dungeon.
You worshipped Vehumet.
Vehumet was noncommittal.
You were not hungry.

You visited 2 branches of the dungeon, and saw 9 of its levels.

You collected 352 gold pieces.

Inventory:

Missiles
 Z - 2 throwing nets {=f, !d}
Armour
 a - a +0 robe (worn)
 i - a +0 pair of gloves (worn)
 w - a +0 pair of boots (worn)
Jewellery
 k - a +2 amulet of reflection (around neck)
 v - a ring of fire (right hand)
 x - a ring of stealth (left hand)
Scrolls
 f - 2 scrolls of remove curse {@r2}
 l - a scroll of blinking {unknown}
 u - 2 scrolls of identify {unknown}
 T - a scroll of teleportation {!r, @r4}
Potions
 d - 3 potions of curing {@q1}
 e - a potion of mutation {unknown}
 g - a potion of flight {unknown}
 h - 2 potions of cancellation {unknown}
 j - a potion of berserk rage {unknown}
 n - a potion of might {unknown}
 p - a potion of haste {!q, @q3}
 q - a potion of heal wounds {unknown}
 r - a potion of brilliance
Books
 b - a book of Flames

   Spells                             Type                      Level
   a - Flame Tongue                   Conjuration/Fire             1
   b - Throw Flame                    Conjuration/Fire             2
   c - Conjure Flame                  Conjuration/Fire             3
   d - Inner Flame                    Hexes/Fire                   3
   e - Sticky Flame                   Conjuration/Fire             4
   f - Fireball                       Conjuration/Fire             5
Comestibles
 c - 4 bread rations {@e1}
 m - 6 meat rations {@e2}
 o - 9 chunks of flesh {@w0}


   Skills:
 - Level 2.4 Dodging
 - Level 2.4 Stealth
 + Level 6.7 Spellcasting
 * Level 7.4 Conjurations
 * Level 8.1 Fire Magic


You had 9 spell levels left.
You knew the following spells:

 Your Spells              Type           Power        Failure   Level  Hunger
a - Flame Tongue          Conj/Fire      #####        1%          1    None
b - Sticky Flame          Conj/Fire      ######..     4%          4    ###....
c - Inner Flame           Hex/Fire       #####...     6%          3    None
j - Conjure Flame         Conj/Fire      ######..     1%          3    None


Dungeon Overview and Level Annotations

Branches:
Dungeon (8/15)             Temple (1/1) D:4
   Lair: D:8-11

Altars:
Ashenzari
Cheibriados
Dithmenos
Elyvilon
Fedhas
Gozag
Hepliaklqana
Kikubaaqudgha
Makhleb
Nemelex Xobeh
Okawaru
Qazlal
Ru
Sif Muna
Trog
Vehumet
Xom
Yredelemnul
Zin
The Shining One


Message History

Press: ? - help, Shift-Dir - straight line, f - centaur
Aim: a centaur, wielding a shortbow You feel a surge of power!
The flame tongue hits the centaur.
The centaur is moderately wounded.
The centaur shoots an arrow.
The arrow hits you!
* * * LOW HITPOINT WARNING * * *
You take 10 damage, and have 16/41 hp.
MASSIVE DAMAGE!!
You now have 17/20 mp.
Casting: Flame Tongue
Confirm with . or Enter, or press ? or * to list all spells.
Aiming: Flame Tongue
Press: ? - help, Shift-Dir - straight line, f/p - centaur
Aim: a centaur, wielding a shortbow (moderately wounded)
You feel a surge of power!
The flame tongue hits the centaur.
The centaur appears unharmed.
The centaur is moderately wounded.
The centaur shoots an arrow.
The arrow hits you!
* * * LOW HITPOINT WARNING * * *
You take 8 damage, and have 8/41 hp.
You now have 16/20 mp.
The centaur shoots an arrow.
The arrow hits you!
You die...

█.█ █.█ ███ █.█ ....
█████████.█
..█.█████████.........█
█.c..r.....██.█████████
█r.?.c†.......████████
r...██.(..............
█ █@███.█..████████ █(█
█.█..█ █.█ █.█..█ █.█
█....█ █.█ ███.██ █.█
█.█ ..█ █. ███


You could see a centaur and a quokka.

Vanquished Creatures
  Grinder (D:5)
  Eustachio (D:6)
  Menkaure (D:5)
  A water moccasin (D:4)
  3 bullfrogs (D:7)
  A wyvern skeleton (D:6)
  A scorpion (D:8)
  A bullfrog zombie (D:5)
  A jelly (D:6)
  4 hounds
  A centaur skeleton (D:4)
  An orc priest (D:5)
  3 worker ants
  2 iguanas
  3 orc wizards
  8 adders
  A howler monkey skeleton (D:4)
  A shadow imp (D:6)
  An ooze (D:3)
  An adder skeleton (D:4)
  A worm (D:2)
  3 leopard geckos
  8 orcs
  5 giant cockroaches
  12 goblins
  7 hobgoblins
  5 jackals
  2 ball pythons
  6 bats
  4 frilled lizards
  9 kobolds
  A quokka skeleton (D:4)
  7 rats
107 creatures vanquished.

Notes
Turn   | Place    | Note
-------+----------+-------------------------------------------
     0 | D:1      | Goblin1989 the Deep Elf Fire Elementalist began the quest for the Orb.
     0 | D:1      | Reached XP level 1. HP: 10/10 MP: 6/6
   306 | D:1      | Reached XP level 2. HP: 15/15 MP: 0/8
  1057 | D:2      | Found a shattered altar of Ashenzari.
  1080 | D:2      | Reached XP level 3. HP: 19/19 MP: 4/9
  1213 | D:2      | Reached skill level 4 in Fire Magic
  1272 | D:2      | Learned a level 3 spell: Conjure Flame
  1811 | D:2      | Reached XP level 4. HP: 24/24 MP: 9/11
  2353 | D:3      | Found a shadowy altar of Dithmenos.
  2430 | D:3      | Learned a level 4 spell: Sticky Flame
  2434 | D:3      | Learned a level 3 spell: Inner Flame
  2707 | D:4      | Reached XP level 5. HP: 25/28 MP: 5/13
  2828 | D:4      | Upgraded the game from 0.20-a0-214-gb74cb0e to 0.20-a0-217-g17e8ceb
  2854 | D:4      | Reached skill level 5 in Fire Magic
  3028 | D:4      | Found a staircase to the Ecumenical Temple.
  3035 | Temple   | Entered the Ecumenical Temple
  3176 | Temple   | Became a worshipper of Vehumet
  3242 | D:4      | Noticed a water moccasin
  3248 | D:4      | Killed a water moccasin
  3248 | D:4      | Reached XP level 6. HP: 27/32 MP: 8/15
  3350 | D:4      | Reached skill level 5 in Spellcasting
  3734 | D:5      | Entered Level 5 of the Dungeon
  3902 | D:5      | Noticed Menkaure
  4003 | D:5      | Killed Menkaure
  4003 | D:5      | Reached skill level 5 in Conjurations
  4003 | D:5      | Reached skill level 6 in Fire Magic
  4003 | D:5      | Reached XP level 7. HP: 12/36 MP: 4/17
  4195 | D:5      | Found a glowing golden altar of the Shining One.
  4267 | D:5      | Noticed Grinder
  4281 | D:5      | Killed Grinder
  4734 | D:6      | Reached skill level 7 in Fire Magic
  5082 | D:6      | Noticed Eustachio
  5096 | D:6      | Killed Eustachio
  5096 | D:6      | Reached XP level 8. HP: 35/41 MP: 4/19
  5304 | D:6      | You fall through a shaft for 2 floors!
  5684 | D:7      | Reached skill level 8 in Fire Magic
  5691 | D:7      | Shot with an arrow by a centaur

Vault maps used:
D:1:      matt_arrival_diagonals, serial_co_window_serial,
          co_window_of_opportunity_a, co_window_of_opportunity_a,
          co_window_cross_1, co_window_paths_a, co_window_paths_b,
          co_window_paths_a, co_window_paths_a, co_window_corner_a,
          co_window_paths_a, co_window_unsneaky_path_a, co_window_2corner,
          co_window_broadway_a, co_window_4corner_b
D:2:      nicolae_ashenzari_panopticon
D:3:      grunt_dithmenos_smoke_and_mirrors
D:4:      hangedman_decor_slide_cut, ldierk_geyser, dk_noncrumbling_4
D:5:      first_bread, nicolae_tso_carved_into_rock, uniq_grinder, uniq_menkaure
D:6:      uniq_eustachio
D:7:      dancing_weapons_uskayaw, grunt_livestock
D:8:      lair_entry_dummy
Temple:   regret_index_temple_chain_breaker

Skill      XL: |  1  2  3  4  5  6  7  8 |
---------------+-------------------------+-----
Conjurations   | 2 3 4 5 6 7 |  7.4
Fire Magic     | 4 5 6 7 8 |  8.1
Spellcasting   | 4 5 6 |  6.7
Dodging        | |  2.4
Stealth        | |  2.4

Action                   |  1- 3 |  4- 6 |  7- 9 || total
-------------------------+-------+-------+-------++-------
Melee: Unarmed           |     6 |       |     1 ||     7
 Cast: Flame Tongue      |    68 |   113 |    80 ||   261
       Sticky Flame      |       |     3 |     8 ||    11
  Use: Potion            |     1 |       |     3 ||     4
       Scroll            |       |     7 |     1 ||     8
 Stab: Sleeping          |       |       |     1 ||     1
  Eat: Chunk             |     3 |     6 |     6 ||    15
Armor: Robe              |     2 |     4 |     7 ||    13
Dodge: Dodged            |    17 |    27 |    21 ||    65
Block: Other             |       |     2 |     3 ||     5

Vault maps used:
D:1:      matt_arrival_diagonals, serial_co_window_serial,
          co_window_of_opportunity_a, co_window_of_opportunity_a,
          co_window_cross_1, co_window_paths_a, co_window_paths_b,
          co_window_paths_a, co_window_paths_a, co_window_corner_a,
          co_window_paths_a, co_window_unsneaky_path_a, co_window_2corner,
          co_window_broadway_a, co_window_4corner_b
D:2:      nicolae_ashenzari_panopticon
D:3:      grunt_dithmenos_smoke_and_mirrors
D:4:      hangedman_decor_slide_cut, ldierk_geyser, dk_noncrumbling_4
D:5:      first_bread, nicolae_tso_carved_into_rock, uniq_grinder, uniq_menkaure
D:6:      uniq_eustachio
D:7:      dancing_weapons_uskayaw, grunt_livestock
D:8:      lair_entry_dummy
Temple:   regret_index_temple_chain_breaker
